 Dungeon Crawl Stone Soup version 0.30-a0-364-gf6b3ef1049 (webtiles) character file.

Game seed: 1590765046283125326

2990 ytrimaz the Protected (level 10, 0/70 HPs)
             Began as a Formicid Fighter on Nov 15, 2022.
             Was a Follower of Okawaru.
             Slain by an orc warrior
             ... wielding a +0 halberd
              (14 damage)
             ... in a bailey.
             The game lasted 00:09:16 (7374 turns).

ytrimaz the Protected (Formicid Fighter)            Turns: 7374, Time: 00:09:16

Health: 0/70       AC: 22    Str: 24    XL:     10   Next: 9%
Magic:  10/10      EV:  7    Int:  9    God:    Okawaru [*.....]
Gold:   301        SH: 10    Dex: 13    Spells: 9/9 levels left

rFire   . . .      SeeInvis +    a - +0 war axe
rCold   + . .      Faith    .    c - +0 buckler
rNeg    . . .      Spirit   .    i - +0 plate armour
rPois   .          Reflect  +    (helmet unavailable)
rElec   .          Harm     .    (no cloak)
rCorr   .          Rampage  .    p - +1 pair of gloves
Will    +....                    y - +0 pair of boots
Stlth   ..........               m - amulet of reflection
HPRegen 0.31/turn                j - +4 ring of protection
MPRegen 0.12/turn                k - ring of protection from cold

@: mighty
A: permanent stasis, dig shafts and tunnels, antennae 3, four strong arms
a: Dig, Renounce Religion, Heroism


You were in a bailey.
You worshipped Okawaru.
Okawaru was aware of your devotion.
You visited 2 branches of the dungeon, and saw 10 of its levels.
You also visited: Ossuary and Bailey.

You collected 346 gold pieces.
You spent 45 gold pieces at shops.


Innate Abilities, Weirdness & Mutations

You cannot be hasted, slowed, berserked, paralysed or teleported.
You can dig through walls and to a lower floor.
You have a pair of large antennae on your head. (SInv)
Your four strong arms can wield two-handed weapons with a shield.


   Skills:
 - Level 3.2 Fighting
 + Level 9.7 Axes
 + Level 10.8 Armour
 - Level 4.0 Shields


You had 9 spell levels left.
You didn't know any spells.
Your spell library contained the following spells:

 Spells                   Type           Power      Damage    Failure   Level
 Apportation              Tloc           0%         N/A       99%         1
 Necrotise                Necr           0%         1d4       99%         1
 Gell's Gravitas          Tloc           0%         N/A       100%        3
 Teleport Other           Tloc           0%         N/A       100%        3
 Vampiric Draining        Necr           0%         2d6       100%        3
 Agony                    Necr           0%         N/A       100%        5
 Alistair's Intoxication  Tmut/Pois      0%         N/A       100%        5
 Dispersal                Tloc           0%         N/A       100%        6
 Storm Form               Tmut/Air       0%         N/A       100%        7
 Maxwell's Capacitive Co  Air            0%         ∞         100%        8
 Summon Lightning Spire   Summ/Air       Unusable   N/A       N/A         4

Inventory:

Hand Weapons
 a - a +0 war axe (weapon)
 w - a +2 hand axe of electrocution
   (You took it off an orc on level 6 of the Dungeon)
 A - a +0 flail of holy wrath
   (You took it off Edmund on level 6 of the Dungeon)
Missiles
 b - 30 poisoned darts (quivered)
Armour
 c - a +0 buckler (worn)
 i - a +0 plate armour (worn)
   (You found it on level 1 of the Dungeon)
 p - a +1 pair of gloves (worn)
   (You found it on level 3 of the Dungeon)
 y - a +0 pair of boots (worn)
   (You bought it in a shop on level 7 of the Dungeon)
Jewellery
 e - a ring of fire
   (You found it on level 4 of the Dungeon)
 j - a +4 ring of protection (left hand)
   (You found it on level 2 of the Dungeon)
 k - a ring of protection from cold (right hand)
   (You found it on level 2 of the Dungeon)
 m - an amulet of reflection (around neck)
   (You found it on level 3 of the Dungeon)
Scrolls
 o - 4 scrolls of fog
 q - a scroll of poison
 r - 2 scrolls of fear
 s - 2 scrolls of silence
 t - 2 scrolls of magic mapping
 B - 2 scrolls of amnesia
 C - a scroll of enchant armour
Potions
 d - 2 potions of might
 f - a potion of brilliance
 g - 6 potions of curing
 h - a potion of berserk rage {unknown}
 n - a potion of attraction {unknown}
 u - a potion of haste
 v - a potion of degeneration {unknown}
 x - a potion of resistance {unknown}
 z - a potion of flight {unknown}

Dungeon Overview and Level Annotations

Branches:
Dungeon (10/15) Zot: 26725  Temple (1/1) D:6 Zot: 5902    Lair (0/5) D:10
Ossuary (visited)          Bailey (1/1) Zot: 5827
    Orc: D:9-12

Altars:
Ashenzari
Cheibriados
Dithmenos
Elyvilon
Fedhas
Gozag
Kikubaaqudgha
Makhleb
Nemelex Xobeh
Okawaru
Qazlal
Ru
Sif Muna
Trog
Uskayaw
Vehumet
Wu Jian
Xom
Yredelemnul
Zin
The Shining One

Shops:
D:7 [

Annotations:
D:8 Maurice

#♣.≈≈≈≈≈♣♣ #...≈≈≈≈≈♣
.####
##.♣..≈≈≈≈♣..#$.######
##.....≈≈≈≈...#.......
....♣..≈≈≈≈.♣.##....
.......≈≈≈≈....#.)#
......######...#o8#
...............#..#
...........)...o@)#
...............').#
...............#oo#
......######...#.8#
....♣..≈≈≈≈....#..#
...♣♣..≈≈≈≈...##..o
##.....≈≈≈≈...#..... #
#..≈≈≈≈≈..#$.####
...≈≈≈≈..####


You could see 3 orc warriors and 2 orcs.


Message History

You kill the orc!
Okawaru accepts your kill.
You hit the orc warrior but do no damage.
You hit the orc warrior.
The orc warrior hits you but does no damage.
The orc warrior hits you with a +0 halberd.
* * * LOW HITPOINT WARNING * * *
😨 HP[-3]
You take 3 damage, and now have 32/70 hp.
Unknown command.
You feel very mighty all of a sudden.
An orc comes into view. It is wielding a +0 trident.
The orc warrior hits you with a +0 glaive!
* * * LOW HITPOINT WARNING * * *
You block the orc warrior's attack. 😨 HP[-6]
You take 6 damage, and now have 26/70 hp.
You barely miss the orc warrior. You closely miss the orc warrior.
The orc warrior hits you but does no damage.
The orc barely misses you.
An orc warrior comes into view. It is wielding a +0 trident.
You block the orc warrior's attack.
Unknown command.
You closely miss the orc warrior.
The orc warrior shouts!
You hit the orc warrior but do no damage.
You hear a shout! x2
The orc warrior hits you with a +0 glaive.
* * * LOW HITPOINT WARNING * * *
The orc hits you but does no damage. x2
The orc warrior hits you but does no damage. 😨 HP[-2]
You take 2 damage, and now have 24/70 hp.
You slash the orc warrior! You closely miss the orc warrior.
You block the orc warrior's attack. You block the orc's attack. x2
The orc warrior hits you but does no damage. 😨 HP[+1] Unknown command.
You hit the orc warrior but do no damage.
You hit the orc warrior.
The orc warrior hits you with a +0 glaive.
* * * LOW HITPOINT WARNING * * *
The orc closely misses you. The orc barely misses you.
You block the orc warrior's attack. 😨 HP[-3]
You take 3 damage, and now have 22/70 hp.
Unknown command.
You block the orc warrior's attack. The orc hits you but does no damage.
You block the orc warrior's attack.
The orc warrior hits you but does no damage.
Things that are here:
a +0 spear; a +0 scale mail; an orc corpse Unknown command.
You hit the orc. You barely miss the orc warrior. You hit the orc warrior.
You block the orc warrior's attack. You block the orc's attack.
You block the orc warrior's attack. You block the orc's attack.
The orc warrior hits you but does no damage. 😨 HP[+1] Unknown command.
You barely miss the orc warrior. You closely miss the orc warrior.
You barely miss the orc. The orc warrior closely misses you.
The orc hits you but does no damage.
An orc comes into view. It is wielding a +0 spear.
The orc warrior hits you but does no damage.
The orc hits you but does no damage.
The orc warrior hits you with a +0 halberd.
* * * LOW HITPOINT WARNING * * *
😨 HP[-2]
You take 2 damage, and now have 21/70 hp.
Unknown command.
You closely miss the orc warrior. You completely miss the orc warrior.
You hit the orc.
You kill the orc!
Okawaru accepts your kill. You block the orc warrior's attack.
The orc completely misses you. You block the orc warrior's attack.
The orc warrior hits you from afar with a +0 trident.
* * * LOW HITPOINT WARNING * * *
😱 HP[-5]
You take 5 damage, and now have 16/70 hp.
You slash the orc warrior!
You hit the orc warrior but do no damage.
The orc warrior barely misses you. x2; The orc hits you but does no damage.
The orc warrior closely misses you. 😱 HP[+1] Unknown command.
You slash the orc warrior!
You kill the orc warrior!
Okawaru accepts your kill.
You slash the orc warrior!
The orc warrior hits you but does no damage.
The orc warrior hits you from afar with a +0 trident.
* * * LOW HITPOINT WARNING * * *
You block the orc's attack.
An orc warrior comes into view. It is wielding a +0 trident.
The orc hits you but does no damage.
The orc warrior hits you but does no damage.
The orc hits you but does no damage.
The orc warrior hits you with a +0 halberd!
You die...

Skill      XL: |  1  2  3  4  5  6  7  8  9 |
---------------+----------------------------+-----
Axes           | 3 4 5 6 7 9 |  9.7
Armour         | 4 5 6 7 8 10 | 10.8
Fighting       | |  3.2
Shields        | |  4.0

Action                   |  1- 3 |  4- 6 |  7- 9 | 10-12 || total
-------------------------+-------+-------+-------+-------++-------
Melee: War axe           |    75 |   127 |   422 |    28 ||   652
       Hand axe          |       |       |    15 |       ||    15
       Flail             |       |       |     5 |       ||     5
Throw: Dart              |       |     3 |       |       ||     3
 Abil: Dig               |       |     1 |       |       ||     1
       Shaft Self        |       |       |     1 |       ||     1
  Use: Scroll            |     5 |     6 |     5 |     1 ||    17
       Potion            |       |     3 |     8 |     1 ||    12
Armor: Scale mail        |     3 |       |       |       ||     3
       Plate armour      |    75 |   111 |   283 |    35 ||   504
Dodge: Dodged            |    30 |    45 |   110 |    16 ||   201
Block: Buckler           |    28 |    94 |   217 |    30 ||   369
       Reflection        |       |     3 |     4 |       ||     7

Levels and vault maps discovered:
D:1:      onia_arrival_mini_maze_b, layout_rooms, chequers_serial_rivers_large_b
D:2:      layout_basic
D:3:      layout_basic, minmay_surrounded
D:4:      layout_cave_pools, overflow_temple_1_default, minmay_cut_off
D:5:      layout_basic, enter_ossuary_4
D:6:      layout_basic, mainiacjoe_overflow_small_starburst,
          minmay_overflow_temple_star_hex, old_standard_altar,
          minmay_temple_entry_enclosed_plants, grunt_ministairs_7,
          serial_bayou_crossing, uniq_grinder, uniq_menkaure, uniq_edmund
D:7:      layout_loops_corners, mainiacjoe_overflow_cross_hatched, serial_shops,
          shop, uniq_pikel
D:8:      layout_rooms, uniq_maurice
D:10:     layout_basic, dpeg_oklobed_lair, enter_bailey_5,
          hangedman_decor_lopped, uniq_urug
Temple:   nicolae_temple_hex_pool
Bailey:   bailey_polearm_elven_captive_hellmonk, bailey

Notes
Turn   | Place    | Note
-------+----------+-------------------------------------------
     0 | D:1      | ytrimaz the Formicid Fighter began the quest for the Orb.
     0 | D:1      | Reached XP level 1. HP: 18/18 MP: 1/1
     0 | D:1      | magus.rc [v1.9.6]
    15 | D:1      | You add the spells Gell's Gravitas, Teleport Other and
                  | Dispersal to your library.
   158 | D:1      | You pick up a book of Necromancy and begin reading...
   158 | D:1      | You add the spells Necrotise, Vampiric Draining and Agony
                  | to your library.
   324 | D:1      | Reached XP level 2. HP: 22/24 MP: 2/2
   331 | D:1      | You fall into a shaft and drop 1 floor!
   443 | D:1      | Reached XP level 3. HP: 29/29 MP: 3/3
   455 | D:1      | Reached skill level 3 in Axes
   754 | D:2      | Reached skill level 4 in Armour
  1237 | D:2      | Reached XP level 4. HP: 33/35 MP: 4/4
  2056 | D:4      | HP: 8/34 [gnoll bouda/+0 club (8)]
  2059 | D:4      | Reached XP level 5. HP: 10/41 MP: 5/5
  2063 | D:4      | Reached skill level 4 in Axes
  2071 | D:4      | HP: 8/41 [orc/+0 hand axe (4)]
  2082 | D:4      | HP: 10/41 [orc/+0 hand axe (5)]
  2184 | D:3      | Reached skill level 5 in Armour
  2201 | D:4      | Reached XP level 6. HP: 47/47 MP: 6/6
  2342 | D:4      | Noticed an ogre
  2349 | D:4      | Killed an ogre
  2499 | D:4      | Reached skill level 5 in Axes
  2601 | D:4      | Found a broken altar of Ashenzari.
  2646 | D:4      | Reached skill level 6 in Armour
  2691 | D:4      | Reached XP level 7. HP: 50/52 MP: 7/7
  2817 | D:5      | Entered Level 5 of the Dungeon
  3017 | D:5      | You pick up a book of Party Tricks and begin reading...
  3017 | D:5      | You add the spells Apportation and Alistair's Intoxication
                  | to your library.
  3145 | D:5      | Found a sand-covered staircase.
  3153 | Ossuary  | Entered an ossuary
  3711 | D:5      | Reached skill level 6 in Axes
  3955 | D:6      | Reached skill level 7 in Armour
  3974 | D:6      | Reached XP level 8. HP: 39/58 MP: 8/8
  4179 | D:6      | Noticed Edmund
  4195 | D:6      | Killed Edmund
  4310 | D:6      | Found a stormy altar of Qazlal.
  4312 | D:6      | Found a glowing silver altar of Zin.
  4314 | D:6      | Found a basalt altar of Yredelemnul.
  4327 | D:6      | Found a radiant altar of Vehumet.
  4330 | D:6      | Found a hide-covered altar of Uskayaw.
  4428 | D:6      | Reached skill level 7 in Axes
  4632 | D:6      | Reached skill level 8 in Armour
  4652 | D:6      | Found an opulent altar of Gozag.
  4660 | D:6      | You pick up a book of the Sky and begin reading...
  4660 | D:6      | You add the spells Summon Lightning Spire, Storm Form and
                  | Maxwell's Capacitive Coupling to your library.
  4725 | D:6      | Noticed Grinder
  4780 | D:6      | Killed Grinder
  4781 | D:6      | Reached XP level 9. HP: 47/64 MP: 9/9
  4896 | D:6      | Found a snail-covered altar of Cheibriados.
  4969 | D:6      | Noticed Menkaure
  4978 | D:6      | Killed Menkaure
  4979 | D:6      | Reached skill level 8 in Axes
  4979 | D:6      | Reached skill level 9 in Armour
  5201 | D:6      | Found a staircase to the Ecumenical Temple.
  5207 | Temple   | Entered the Ecumenical Temple
  5301 | Temple   | Became a worshipper of Warmaster Okawaru
  5800 | D:7      | Found a white marble altar of Elyvilon.
  5955 | D:7      | Noticed Pikel
  5967 | D:7      | Killed Pikel
  6214 | D:7      | Found Nuephaiw's Armour Boutique.
  6222 | D:7      | Reached skill level 9 in Axes
  6222 | D:7      | Reached skill level 10 in Armour
  6227 | D:7      | Bought a +0 pair of boots for 45 gold pieces
  6487 | D:7      | Reached * piety under Okawaru
  6906 | D:8      | HP: 15/64 [cloud of flame (20)]
  6911 | D:8      | HP: 11/64 [poisoned by a kobold brigand]
  6918 | D:8      | HP: 14/64 [kobold brigand/+0 hand axe (4)]
  6923 | D:8      | HP: 12/64 [kobold brigand/+0 hand axe (3)]
  6925 | D:8      | Noticed Maurice
  6929 | D:8      | HP: 15/64 [kobold brigand/+0 hand axe (7)]
  6930 | D:8      | You fall into a shaft and drop 2 floors!
  6930 | D:10     | Entered Level 10 of the Dungeon
  7093 | D:10     | Noticed a troll
  7103 | D:10     | Killed a troll
  7104 | D:10     | Reached XP level 10. HP: 54/70 MP: 10/10
  7170 | D:10     | Noticed a two-headed ogre
  7187 | D:10     | Found a flagged portal.
  7203 | Bailey   | Entered a bailey
  7372 | Bailey   | HP: 16/70 [orc warrior/+0 trident (5)]
  7374 | Bailey   | Slain by an orc warrior

Vanquished Creatures
  Pikel (D:7)
  A troll (D:10)
  Grinder (D:6)
  A steam dragon (D:7)
  Menkaure (D:6)
  Edmund (D:6)
  A water moccasin (D:6)
  3 orc warriors
  A sky beast (D:7)
  2 ice beasts
  2 ogres
  A lemure (D:7)
  2 kobold brigands
  2 phantoms
  5 hounds
  A gnoll bouda (D:4)
  2 orc priests
  4 iguanas
  5 orc wizards
  A mummy (Ossuary)
  2 adders
  9 gnolls
  A shadow imp (D:5)
  2 ufetubi
  2 worms
  4 dart slugs
  21 orcs
  4 spectral bats (Ossuary)
  4 ball pythons
  3 bats
  9 endoplasms
  3 giant cockroaches
  12 gnoll zombies (Ossuary)
  9 goblins
  7 hobgoblins
  10 jackals
  2 quokkas
  4 bat simulacra (Ossuary)
  3 frilled lizards
  4 goblin simulacra (Ossuary)
  7 goblin zombies (Ossuary)
  5 hobgoblin zombies (Ossuary)
  20 kobolds
  4 kobold zombies (Ossuary)
  2 orc zombies (Ossuary)
  A quokka zombie (D:5)
  3 rats
  2 rat simulacra (Ossuary)
  A rat zombie (D:5)
  4 spectral goblins (Ossuary)
  3 spectral kobolds (Ossuary)
  5 spectral rats (Ossuary)
210 creatures vanquished.

Vanquished Creatures (others)
  A white imp (D:7)
  4 plants
5 creatures vanquished.

Grand Total: 215 creatures vanquished

Table legend:
 A = Non-vault XP
 B = Vault XP
 C = Vault XP percentage of total XP
 D = Non-vault monster count
 E = Vault monster count
 F = Vault count percentage of total count
                 A         B        C        D         E       F
            +---------+---------+-------+---------+---------+-------
      Total |    2701 |    1707 |  38.7 |     123 |      86 |  41.1
            +---------+---------+-------+---------+---------+-------
        D:1 |      36 |       0 |   0.0 |      19 |       0 |   0.0
        D:2 |      35 |       0 |   0.0 |      17 |       0 |   0.0
        D:3 |      39 |      13 |  25.0 |       8 |       7 |  46.7
        D:4 |     432 |       3 |   0.7 |      32 |       1 |   3.0
        D:5 |     275 |       2 |   0.7 |       9 |       2 |  18.2
        D:6 |     843 |     691 |  45.0 |      14 |      11 |  44.0
        D:7 |     704 |     629 |  47.2 |      17 |       1 |   5.6
        D:8 |       9 |       0 |   0.0 |       6 |       0 |   0.0
       D:10 |     328 |       0 |   0.0 |       1 |       0 |   0.0
    Ossuary |       0 |      89 | 100.0 |       0 |      57 | 100.0
     Bailey |       0 |     280 | 100.0 |       0 |       7 | 100.0
            +---------+---------+-------+---------+---------+-------

Illustrated notes

Table legend:
 A = Kills in this place as a percentage of kills in entire the game.
 B = Kills by you in this place as a percentage of kills by you in the entire game.
 C = Kills by friends in this place as a percentage of kills by friends in the entire game.
 D = Other kills in this place as a percentage of other kills in the entire game.
 E = Experience gained in this place as a percentage of experience gained in the entire game.
 F = Experience gained in this place divided by the number of levels of this place that you have seen.
                   A       B       C       D       E      F
               +-------+-------+-------+-------+-------+----------------------
         Total | 100.0 | 100.0 |   N/A |   N/A | 100.0 | 367.3
       Dungeon |  69.4 |  69.4 |   N/A |   N/A |  91.6 | 448.8
       Ossuary |  27.3 |  27.3 |   N/A |   N/A |   2.0 |  89.0
        Bailey |   3.3 |   3.3 |   N/A |   N/A |   6.4 | 280.0
               +-------+-------+-------+-------+-------+----------------------

Table legend: (Time is in decaauts)
 A = Elapsed time spent in this place.
 B = Non-inter-level travel time spent in this place.
 C = Inter-level travel time spent in this place.
 D = Time resting spent in this place.
 E = Time spent auto-exploring this place.
 F = Levels seen in this place.
 G = Mean time per level.
                   A        B        C        D        E       F      G
               +--------+--------+--------+--------+--------+-----+--------+
         Total |   7563 |   7205 |    358 |    223 |   5321 |  12 |  630.2 |
       Dungeon |   6903 |   6566 |    337 |    223 |   4979 |   9 |  767.0 |
        Temple |     97 |     76 |     21 |      0 |     64 |   1 |   97.0 |
       Ossuary |    391 |    391 |      0 |      0 |    149 |   1 |  391.0 |
        Bailey |    171 |    171 |      0 |      0 |    129 |   1 |  171.0 |
               +--------+--------+--------+--------+--------+-----+--------+

Top non-repeatable levels by time:
     D:6: 1615 daAuts
     D:7: 1198 daAuts
     D:2: 854 daAuts
     D:3: 783 daAuts
     D:5: 756 daAuts
     D:4: 718 daAuts
     D:1: 559 daAuts
 Ossuary: 391 daAuts
    D:10: 274 daAuts
  Bailey: 171 daAuts
     D:8: 143 daAuts
  Temple: 97 daAuts
